 Dungeon Crawl Stone Soup version 0.27-a0-1087-gf39c287674 (webtiles) character file.

Game seed: 2517653044212302196

6 Majang the Shield-Bearer (level 2, -7/24 HPs)
             Began as a Formicid Fighter on Apr 27, 2021.
             Succumbed to a goblin's poison
             ... on level 1 of the Dungeon.
             The game lasted 00:01:12 (124 turns).

Majang the Shield-Bearer (Formicid Fighter)          Turns: 124, Time: 00:01:12

Health: -7/24      AC:  6    Str: 20    XL:     2   Next: 0%
Magic:  2/2        EV:  7    Int:  7    God:
Gold:   0          SH:  9    Dex: 10    Spells: 1/1 levels left

rFire    . . .     SeeInvis +   a - +0 war axe
rCold    . . .     Faith    .   c - +0 kite shield
rNeg     . . .     Spirit   .   b - +0 scale mail
rPois    .         Reflect  .   (helmet unavailable)
rElec    .         Harm     .   (no cloak)
rCorr    .         Rampage  .   (no gloves)
Will     .....                  (no boots)
Stlth    ..........             (no amulet)
HPRegen  0.08/turn              (no ring)
MPRegen  0.08/turn              (no ring)

@: mighty, lethally poisoned (-7 -> -37)
A: permanent stasis, dig shafts and tunnels, antennae 3, four strong arms
a: Dig, Shaft Self


You were on level 1 of the Dungeon.
You visited 1 branch of the dungeon, and saw 1 of its levels.

Inventory:

Hand Weapons
 a - a +0 war axe (weapon)
Armour
 b - a +0 scale mail (worn)
 c - a +0 kite shield (worn)


   Skills:
 + Level 3.4 Fighting
 * Level 2.4 Axes
 - Level 3.2 Armour
 - Level 3.6 Shields


You had one spell level left.
You didn't know any spells.
Your spell library was empty.

Dungeon Overview and Level Annotations

Branches:
Dungeon (1/15)

Altars:


Innate Abilities, Weirdness & Mutations

You cannot be hasted, slowed, berserked, paralysed or teleported.
You can dig through walls and to a lower floor.
You have a pair of large antennae on your head. (SInv)
Your four strong arms can wield two-handed weapons with a shield.


Message History

You miss the jackal.
The jackal bites you but does no damage.
You block the jackal's attack.
You barely miss the jackal. The jackal barely misses you. x2
You closely miss the jackal.
The jackal bites you but does no damage.
The jackal stops to sniff the ground.
You block the jackal's attack. x2
You closely miss the jackal.
The jackal bites you but does no damage. x2
You barely miss the jackal.
The jackal bites you but does no damage.
You block the jackal's attack.
You slash the jackal!
You kill the jackal!
You slash the kobold!
You kill the kobold!
The goblin hits you with a +2 dagger of venom.
You have reached level 2!
Your shield and scale mail prevent you from hitting the goblin.
The goblin hits you but does no damage.
You are poisoned.
You completely miss the goblin.
You feel very sick. The goblin barely misses you.
The goblin hits you with a +2 dagger of venom.
You are lethally poisoned!
You feel very mighty all of a sudden.
You feel very sick.
The goblin hits you with a +2 dagger of venom.
You are more poisoned.
You barely miss the goblin.
* * * LOW HITPOINT WARNING * * *
You feel extremely sick.
The goblin hits you with a +2 dagger of venom.
* * * LOW HITPOINT WARNING * * *
The goblin hits you but does no damage.
You are more poisoned.
You closely miss the goblin.
You die...

#.###.#h ....... .....
.... #..h #.####.#
#h.....#
############g############
#≈≈≈≈≈≈≈≈≈≈≈@†≈≈≈≈≈≈≈≈≈≈#
#≈P.♣♣P.P♣.≈.≈P♣..PP♣♣P≈#
#≈.P♣♣PPPP♣≈.≈♣♣♣P♣P♣PP≈#
#≈≈≈≈≈≈≈≈≈≈≈.≈≈≈≈≈≈≈≈≈≈≈#
#≈≈≈≈≈≈≈≈≈.....≈≈≈≈≈≈≈≈≈#
#≈PPPPPPP≈.###.≈PP♣P♣PP≈#
#≈♣♣P♣♣♣.≈.#§#.≈♣♣.♣.P♣≈#
#≈♣.PP.♣P≈.###.≈PPPPPP.≈#
#≈≈≈≈≈≈≈≈≈.....≈≈≈≈≈≈≈≈≈#


You could see a jackal and a goblin.

Vanquished Creatures
  3 jackals (D:1)
  A kobold (D:1)
  A frilled lizard (D:1)
5 creatures vanquished.

Notes
Turn   | Place    | Note
-------+----------+-------------------------------------------
     0 | D:1      | Majang the Formicid Fighter began the quest for the Orb.
     0 | D:1      | Reached XP level 1. HP: 18/18 MP: 1/1
   120 | D:1      | Reached XP level 2. HP: 20/24 MP: 2/2
   124 | D:1      | Succumbed to a goblin's poison

Illustrated notes

Levels and vault maps discovered:
D:1:      lightli_arrival_farm, layout_basic

Action                   || total
-------------------------++-------
Melee: War axe           ||    24
  Use: Potion            ||     1
Armor: Scale mail        ||    21
Dodge: Dodged            ||    11
Block: Kite shield       ||    17

Table legend: (Time is in decaauts)
 A = Elapsed time spent in this place.
 B = Non-inter-level travel time spent in this place.
 C = Inter-level travel time spent in this place.
 D = Time resting spent in this place.
 E = Time spent auto-exploring this place.
 F = Levels seen in this place.
 G = Mean time per level.
                   A        B        C        D        E       F      G
               +--------+--------+--------+--------+--------+-----+--------+
         Total |    182 |    182 |      0 |      0 |      0 |   1 |  182.0 |
       Dungeon |    182 |    182 |      0 |      0 |      0 |   1 |  182.0 |
               +--------+--------+--------+--------+--------+-----+--------+

Top non-repeatable levels by time:
     D:1: 182 daAuts
